 Dungeon Crawl Stone Soup version 0.22-a0-855-g415d086bb8 (webtiles) character file.

491 Htamos the Slasher (level 6, -7/47 HPs)
             Began as a Mummy Fighter on July 27, 2018.
             Was an Initiate of Nemelex Xobeh.
             Mangled by an ice devil (10 damage)
             ... summoned by the player character
             ... on level 4 of the Dungeon.
             The game lasted 00:08:28 (4013 turns).

Htamos the Slasher (Mummy Fighter)                  Turns: 4013, Time: 00:08:28

Health: -7/47      AC:  6    Str: 19    XL:     6   Next: 91%
Magic:  6/6        EV:  9    Int:  7    God:    Nemelex Xobeh [......]
Gold:   201        SH:  0    Dex: 14    Spells: 5/5 levels left

rFire    x . .     SeeInvis .   k - +1 falchion (venom)
rCold    + . .     Gourm    .   (no shield)
rNeg     + + +     Faith    .   b - +0 scale mail
rPois    ∞         Spirit   .   (no helmet)
rElec    .         Reflect  .   (no cloak)
rCorr    .         Harm     .   (no gloves)
MR       .....                  (no boots)
Stlth    ..........             (no amulet)
HPRegen  0.15/turn              (no ring)
MPRegen  0.10/turn              (no ring)

@: about to teleport
A: no food or potions, fire vulnerability, cold resistance 1, negative energy
resistance 3, torment resistance, unbreathing
a: Renounce Religion


You were on level 4 of the Dungeon.
You worshipped Nemelex Xobeh.
Nemelex Xobeh was noncommittal.
You were not hungry.

You visited 1 branch of the dungeon, and saw 4 of its levels.

You collected 201 gold pieces.

Inventory:

Hand Weapons
 a - a +0 long sword
 k - a +1 falchion of venom (weapon)
Armour
 b - a +0 scale mail (worn)
 c - a +0 shield
Wands
 i - a wand of polymorph (14)
Scrolls
 d - 2 scrolls of teleportation
 g - 4 scrolls of noise
 h - 4 scrolls of fog
Miscellaneous
 l - a plain deck of summoning {drawn: 2}


   Skills:
 - Level 3.0 Fighting
 + Level 6.3 Long Blades
 - Level 2.4 Armour
 - Level 2.4 Shields


You had 5 spell levels left.
You didn't know any spells.
Your spell library was empty.

Dungeon Overview and Level Annotations

Branches:
Dungeon (4/15)             Temple (0/1) D:4

Altars:
Nemelex Xobeh
Xom

Shops:
D:4 (

Annotations:
D:4 strelocc's ghost, novice HOAK


Innate Abilities, Weirdness & Mutations

You do not eat or drink.
Your flesh is vulnerable to fire.
You are immune to poison.
Your flesh is cold resistant. (rC+)
You are immune to negative energy. (rN+++)
You are immune to unholy pain and torment.
You can survive without breathing.


Message History

You kill the adder!
Evoke which item? (* to show all) (? for menu, Esc to quit)
Okay, then.
The ogre hits you with a giant spiked club!
You see here a ration.
You see here a dagger.
Evoke which item? (* to show all) (? for menu, Esc to quit)
You draw a card...
It is the Pentagram.
Strelocc's ghost hits you but does no damage.
As you read the scroll of teleportation, it crumbles to dust.
You feel strangely unstable.
Your hell hound bites the ogre!
Strelocc's ghost barely misses you. The ice devil hits you!
* * * LOW HITPOINT WARNING * * *
The ice devil freezes you! You resist.
* * * LOW HITPOINT WARNING * * *
Your hell hound bites the ogre!
The ice devil hits you!
* * * LOW HITPOINT WARNING * * *
The ice devil freezes you! You resist.
You die...
Your body disappears without a glow.

#............###≈(≈≈≈≈†...#..
#......####.## #######......
#....[.# #..# #.##.#....#..
#......# #.## #.#[.#...O...
#..((..###.# #.#[##.##.#..
#<.....#.O.# #.).......(..
#......#.########......##.#$#
##########.....4W..)%..##.##....
#...........###@Oh.....##.######
#........##.###.....>.....#
#.............#.......#.###
#....∩........#.........#
#......<...............##
#.............#........#
#.............#......###
#########.....#......# #####
####..#......#


You could see an ice devil, an ogre, strelocc's ghost and a friendly hell hound.

Vanquished Creatures
  A bullfrog (D:4)
  A scorpion (D:4)
  A howler monkey (D:4)
  4 orc priests
  An orc wizard (D:4)
  An iguana (D:4)
  5 adders
  An ooze (D:3)
  3 worms
  A dart slug (D:1)
  2 leopard geckos
  13 orcs
  3 ball pythons
  3 giant cockroaches
  12 goblins
  7 hobgoblins
  4 jackals (D:2)
  10 kobolds
  A quokka (D:3)
  6 bats
  6 frilled lizards
  8 rats
94 creatures vanquished.

Vanquished Creatures (collateral kills)
  An orc wizard (D:4)
1 creature vanquished.

Grand Total: 95 creatures vanquished

Notes
Turn   | Place    | Note
-------+----------+-------------------------------------------
     0 | D:1      | Htamos the Mummy Fighter began the quest for the Orb.
     0 | D:1      | Reached XP level 1. HP: 18/18 MP: 1/1
   188 | D:1      | Reached skill level 2 in Long Blades
   312 | D:1      | Reached XP level 2. HP: 24/24 MP: 2/2
   887 | D:1      | Reached XP level 3. HP: 27/29 MP: 3/3
  1063 | D:2      | Reached skill level 3 in Long Blades
  1190 | D:2      | Found a shimmering altar of Xom.
  1487 | D:2      | Found a sparkling altar of Nemelex Xobeh.
  1716 | D:3      | Reached XP level 4. HP: 22/35 MP: 4/4
  1874 | D:3      | Reached skill level 4 in Long Blades
  2490 | D:3      | Reached XP level 5. HP: 41/41 MP: 5/5
  3007 | D:2      | Became a worshipper of Nemelex Xobeh the Trickster
  3097 | D:3      | Received a gift from Nemelex Xobeh
  3132 | D:4      | Found a runed door.
  3138 | D:4      | Reached skill level 5 in Long Blades
  3163 | D:4      | Found Myahiot's Weapon Shoppe.
  3172 | D:4      | Reached XP level 6. HP: 40/47 MP: 6/6
  3480 | D:4      | Found a staircase to the Ecumenical Temple.
  3480 | D:4      | Noticed strelocc's ghost (novice HOAK)
  3818 | D:4      | Reached skill level 6 in Long Blades
  4011 | D:4      | Noticed an ice devil
  4013 | D:4      | Mangled by an ice devil

Vault maps used:
D:1:      evilmike_arrival_hilbert_curve, serial_bayou_crossing
D:2:      lemuel_coloured_pillars_altar, lemuel_doored_altar
D:3:      first_ration, nrook_loot_triangle
D:4:      kennysheep_mini_moat, minmay_temple_entry_glass,
          ebering_ghost_sewer_d, serial_shops, shop

Skill      XL: |  1  2  3  4  5  6 |
---------------+-------------------+-----
Long Blades    | 2 3 4 5 6 |  6.3
Fighting       | |  3.0
Armour         | |  2.4
Shields        | |  2.4

Action                   |  1- 3 |  4- 6 || total
-------------------------+-------+-------++-------
Melee: Long sword        |   149 |    21 ||   170
       Falchion          |       |   118 ||   118
Evoke: Deck              |       |     2 ||     2
  Use: Scroll            |       |     7 ||     7
Armor: Scale mail        |    71 |    50 ||   121
Dodge: Dodged            |    60 |    55 ||   115
Block: Shield            |    56 |       ||    56
       Rpst.: Long sword |    21 |     3 ||    24
       Falchion          |       |    13 ||    13

Table legend:
 A = Spawn XP
 B = Non-spawn XP
 C = Spawn XP percentage of total XP
 D = Spawn monster count
 E = Non-spawn monster count
 F = Spawn count percentage of total count
 G = Total turns spent on level
                    A         B        C        D         E        F      G
               +---------+---------+-------+---------+---------+-------+---------
         Total |       0 |     702 |   0.0 |       0 |      95 |   0.0 |  4013
               +---------+---------+-------+---------+---------+-------+---------
           D:1 |       0 |      42 |   0.0 |       0 |      25 |   0.0 |   976
           D:2 |       0 |      39 |   0.0 |       0 |      20 |   0.0 |  1024
           D:3 |       0 |     225 |   0.0 |       0 |      37 |   0.0 |  1241
           D:4 |       0 |     396 |   0.0 |       0 |      13 |   0.0 |   772
               +---------+---------+-------+---------+---------+-------+---------
